 Dungeon Crawl Stone Soup version 0.30-a0-1085-g990a428a5c (webtiles) character file.

Game seed: 571824277885628361

16 xian the Vexing (level 2, -8/19 HPs)
             Began as a Demonspawn Enchanter on Apr 16, 2023.
             Mangled by a gnoll
             ... wielding a +0 flail
              (11 damage)
             ... on level 1 of the Dungeon.
             The game lasted 00:01:29 (243 turns).

xian the Vexing (Demonspawn Enchanter)               Turns: 243, Time: 00:01:29

Health: -8/19      AC:  3    Str:  8    XL:     2   Next: 37%
Magic:  5/5        EV: 11    Int: 16    God:
Gold:   6          SH:  0    Dex: 13    Spells: 5/5 levels left

rFire   . . .      SeeInvis .    a - +1 dagger
rCold   . . .      Faith    .    (no shield)
rNeg    . . .      Spirit   .    g - +0 leather armour
rPois   .          Reflect  .    (no helmet)
rElec   .          Rampage  .    (no cloak)
rCorr   .                        (no gloves)
Will    .....                    (no boots)
Stlth   ++                       (no amulet)
HPRegen 0.23/turn                (no ring)
MPRegen 0.09/turn                (no ring)

@: no status effects
A: ignite blood 1
a: no special abilities


You were on level 1 of the Dungeon.
You visited 1 branch of the dungeon, and saw 1 of its levels.

You collected 6 gold pieces.

Inventory:

Hand Weapons
 a - a +1 dagger (weapon)
Missiles
 e - a stone
 j - 2 poisoned darts (quivered)
Armour
 f - a +0 ring mail
 g - a +0 leather armour (worn)
Scrolls
 b - a scroll of amnesia {unknown}
 d - a scroll of brand weapon {unknown}
 h - a scroll of identify {unknown}
Potions
 c - 2 potions of invisibility
 i - a potion of attraction {unknown}


   Skills:
 + Level 1.0 Short Blades
 + Level 1.8 Dodging
 + Level 3.1 Stealth
 + Level 2.1 Spellcasting
 + Level 3.2 Hexes


You had 5 spell levels left.
You didn't know any spells.
Your spell library contained the following spells:

 Spells                   Type           Power      Damage    Failure   Level
 Ensorcelled Hibernation  Hex/Ice        12%        N/A       24%         2
 Confusing Touch          Hex            12%        N/A       24%         3
 Tukima's Dance           Hex            12%        N/A       24%         3
 Dazzling Flash           Conj/Hex       12%        N/A       43%         3
 Gell's Gravitas          Tloc           1%         N/A       65%         3
 Teleport Other           Tloc           1%         N/A       65%         3
 Dispersal                Tloc           0%         N/A       100%        6


Dungeon Overview and Level Annotations

Branches:
Dungeon (1/15)

Altars:


Innate Abilities, Weirdness & Mutations

Your demonic aura sometimes causes spilled blood to erupt in flames.


Message History

You hit the gnoll.
The gnoll is moderately wounded.
The gnoll closely misses you.
You barely miss the gnoll.
The gnoll is moderately wounded.
The gnoll misses you.
You closely miss the gnoll.
The gnoll is moderately wounded.
The gnoll looks more healthy.
The gnoll barely misses you.
You closely miss the gnoll.
The gnoll is heavily wounded.
The gnoll completely misses you.
You hit the gnoll.
The gnoll is heavily wounded.
The gnoll barely misses you. The gnoll attacks as you move away!
The gnoll barely misses you.
You hit the endoplasm.
The endoplasm is lightly wounded.
The endoplasm completely misses you.
You completely miss the endoplasm.
The endoplasm is lightly wounded.
The bat hits you but does no damage. The bat barely misses you.
The endoplasm hits you but does no damage.
You hit the endoplasm but do no damage.
The endoplasm is lightly wounded.
The bat misses you. The endoplasm hits you.
You hit the endoplasm.
The endoplasm is severely wounded.
The bat barely misses you. The endoplasm freezes you.
You are frozen.
* * * LOW HITPOINT WARNING * * *
You hit the endoplasm.
You kill the endoplasm!
The bat closely misses you.
You closely miss the gnoll.
The gnoll is heavily wounded.
The bat barely misses you. The gnoll hits you with a +0 flail!
Ouch! That really hurt!
You die...

...... # ......
.#.$... #.##..#
#.##..# .# #.##.b# ..
#.#####.##..####.##. >
.....((.g@............
#######.###.###..##.#
#............. .#
#####..##..##.#. ##
#######........... #
#........###.##.#.
#.######## # #.# ##.#


You could see a gnoll and a bat.

Vanquished Creatures
  A dart slug (D:1)
  2 ball pythons (D:1)
  6 bats (D:1)
  2 endoplasms (D:1)
  A rat (D:1)
12 creatures vanquished.

Notes
Turn   | Place    | Note
-------+----------+-------------------------------------------
     0 | D:1      | xian the Demonspawn Enchanter began the quest for the Orb.
     0 | D:1      | Reached XP level 1. HP: 13/13 MP: 3/3
    57 | D:1      | Reached skill level 1 in Short Blades
    57 | D:1      | Gained mutation: Your demonic aura sometimes causes spilled
                  | blood to erupt in flames. [demonic ancestry]
    57 | D:1      | Reached XP level 2. HP: 18/19 MP: 5/5
   243 | D:1      | Mangled by a gnoll

Illustrated notes

Levels and vault maps discovered:
D:1:      minmay_arrival_loop, layout_loops_ring

Skill      XL: |  1 |
---------------+----+-----
Stealth        | 3 |  3.1
Short Blades   | 1 |  1.0
Dodging        | |  1.8
Spellcasting   | |  2.1
Hexes          | |  3.2

Action                     || total
---------------------------++-------
  Melee: Dagger            ||    55
  Throw: Stone             ||     4
         Dart              ||     2
   Stab: Sleeping          ||     4
 Armour: Robe              ||    14
         Leather armour    ||    13
  Dodge: Dodged            ||    50

Table legend: (Time is in decaauts)
 A = Elapsed time spent in this place.
 B = Non-inter-level travel time spent in this place.
 C = Inter-level travel time spent in this place.
 D = Time resting spent in this place.
 E = Time spent auto-exploring this place.
 F = Levels seen in this place.
 G = Mean time per level.
                   A        B        C        D        E       F      G
               +--------+--------+--------+--------+--------+-----+--------+
         Total |    241 |    241 |      0 |      0 |     50 |   1 |  241.0 |
       Dungeon |    241 |    241 |      0 |      0 |     50 |   1 |  241.0 |
               +--------+--------+--------+--------+--------+-----+--------+

Top non-repeatable levels by time:
     D:1: 241 daAuts
